 Dungeon Crawl Stone Soup version 0.22.1-2-g9c5b331383 (webtiles) character file.

2449 Pixllover the Cleaver (level 9, 0/79 HPs)
             Began as a Minotaur Berserker on Dec 15, 2018.
             Was an Elder of Trog.
             Hit by a javelin of returning thrown by a centaur (9 damage)
             ... in a bailey.
             The game lasted 00:14:57 (4586 turns).

Pixllover the Cleaver (Minotaur Berserker)          Turns: 4586, Time: 00:14:58

Health: 0/79       AC:  9    Str: 25    XL:     9   Next: 25%
Magic:  8/8        EV: 12    Int:  6    God:    Trog [****..]
Gold:   393        SH:  0    Dex: 10    Spells: 8/8 levels left

rFire    . . .     SeeInvis .   y - +5 battleaxe
rCold    + . .     Gourm    .   (shield currently unavailable)
rNeg     . . .     Faith    .   u - +3 ring mail {MR+}
rPois    .         Spirit   .   (helmet restricted)
rElec    .         Reflect  .   (no cloak)
rCorr    .         Harm     .   (no gloves)
MR       +....                  (no boots)
Stlth    +.........             (no amulet)
HPRegen  0.23/turn              q - +2 ring of intelligence
MPRegen  0.11/turn              l - ring of protection from cold

@: berserk cooldown
A: retaliatory headbutt, horns 2
a: Berserk, Trog's Hand, Brothers in Arms, Renounce Religion


You were in a bailey.
You worshipped Trog.
Trog was greatly pleased with you.
You were hungry.

You visited 1 branch of the dungeon, and saw 7 of its levels.
You also visited: Bailey.

You collected 393 gold pieces.

Inventory:

Hand Weapons
 a - a +1 hand axe
 h - a +0 scythe
 r - a +0 war axe
 y - a +5 battleaxe (weapon)
 F - a +1 halberd of venom
Missiles
 s - 36 poisoned needles
Armour
 b - a +0 animal skin
 i - a +1 ring mail
 u - a +3 ring mail of magic resistance (worn)
Jewellery
 e - an uncursed ring of resist corrosion
 l - a ring of protection from cold (right hand)
 q - a +2 ring of intelligence (left hand)
 D - an uncursed ring of protection from magic {unknown}
 E - a +2 ring of strength {unknown}
Wands
 t - a wand of random effects (26)
Scrolls
 f - 6 scrolls of identify
 o - 2 scrolls of teleportation
 v - a scroll of noise {unknown}
 w - 2 scrolls of remove curse
 x - a scroll of fog {unknown}
Potions
 d - 3 potions of heal wounds
 g - 2 potions of flight
 j - a potion of experience {unknown}
 k - 3 potions of might
 m - a potion of lignification
 n - a potion of invisibility {unknown}
 p - a potion of brilliance {unknown}
 z - 2 potions of ambrosia {unknown}
 A - 5 potions of curing {unknown}
 C - a potion of agility
Comestibles
 c - 7 rations
 B - a chunk of flesh


   Skills:
 + Level 7.6 Fighting
 + Level 10.9 Axes
 + Level 7.5 Armour
 + Level 4.4 Dodging
 + Level 0.6 Stealth


You had 8 spell levels left.
You didn't know any spells.
Your spell library was empty.

Dungeon Overview and Level Annotations

Branches:
Dungeon (7/15)             Temple (0/1) D:4

Altars:
Wu Jian

Shops:
D:7 :


Innate Abilities, Weirdness & Mutations

You reflexively headbutt those who attack you in melee.
You have a pair of horns on your head.


Message History

The orc shouts!
The centaur throws a javelin of returning.
The javelin of returning hits you.
The weapon returns to the centaur!
The centaur throws a javelin of returning.
The javelin of returning hits you but does no damage.
The weapon returns to the centaur!
The centaur throws a javelin of returning.
The javelin of returning hits you.
The weapon returns to the centaur!
The centaur throws a javelin of returning.
The javelin of returning hits you!
* * * LOW HITPOINT WARNING * * *
The weapon returns to the centaur!
There is an empty arch of ancient stone here.
The centaur throws a javelin of returning.
The javelin of returning hits you!
* * * LOW HITPOINT WARNING * * *
The weapon returns to the centaur!
The centaur throws a javelin of returning.
The javelin of returning hits you!
You die...

............####
≈...≈≈≈≈≈≈≈≈≈....
≈..≈≈...o...≈≈≈.⌠
≈....≈≈≈≈≈≈≈o.≈≈.
..c≈≈≈.....≈≈≈.≈≈
..≈≈..≈≈≈≈≈o.≈≈.≈
.≈≈.≈≈≈.(.≈≈≈.≈o≈
.≈.≈≈..⌠.⌠..≈c≈≈.
.≈.....@∩∩..≈o...
.≈.≈≈..⌠.⌠..≈.≈≈.
.≈≈.≈≈≈...≈≈≈.≈.≈
..≈≈..≈≈≈≈≈..≈≈.≈
...≈≈≈.....≈≈≈.≈≈
≈..oo≈≈≈≈≈≈≈..≈≈.
≈..≈≈...o...≈≈≈.
≈...≈≈≈≈≈≈≈≈≈...


You could see 2 centaurs and 7 orcs.

Vanquished Creatures
  Joseph (D:7)
  The ghost of Honti the Chopper, an amateur MiCK of Xom (D:3)
  A hippogriff (D:7)
  Sigmund (D:6)
  A phantom (D:5)
  A necrophage (D:6)
  A centaur (D:6)
  3 ogres
  2 bullfrogs
  2 scorpions
  5 wights (D:6)
  A crimson imp (D:7)
  A centaur zombie (D:5)
  2 hounds
  A jelly (D:7)
  2 orc priests
  2 centaur skeletons
  Ijyb (D:3)
  An iguana (D:7)
  2 orc wizards (D:5)
  A worker ant (D:5)
  4 gnolls (D:5)
  6 adders
  A river rat (D:6)
  2 adder skeletons
  5 worms
  4 dart slugs
  6 leopard geckos
  19 orcs
  6 giant cockroaches
  3 goblins
  4 hobgoblins
  4 jackals (D:5)
  4 quokkas
  3 ball pythons
  4 bats
  4 frilled lizards
  2 jackal skeletons
  6 kobolds
  2 quokka skeletons
  8 rats
  A plant (D:2)
131 creatures vanquished.

Notes
Turn   | Place    | Note
-------+----------+-------------------------------------------
     0 | D:1      | Pixllover the Minotaur Berserker began the quest for the
                  | Orb.
     0 | D:1      | Reached XP level 1. HP: 19/19 MP: 0/0
   500 | D:1      | Reached XP level 2. HP: 27/27 MP: 1/1
   583 | D:1      | Reached skill level 4 in Axes
  1102 | D:2      | Reached XP level 3. HP: 33/33 MP: 2/2
  1604 | D:3      | Reached ** piety under Trog
  1657 | D:3      | Reached XP level 4. HP: 32/41 MP: 3/3
  1661 | D:3      | Reached skill level 5 in Axes
  1771 | D:3      | Found a faded altar of an unknown god.
  2088 | D:3      | Reached XP level 5. HP: 44/47 MP: 4/4
  2106 | D:3      | Noticed Honti's ghost (amateur MiCK)
  2108 | D:3      | Found a runed door.
  2110 | D:3      | Noticed Ijyb
  2125 | D:3      | Killed Ijyb
  2156 | D:3      | Killed Honti's ghost
  2156 | D:3      | Reached skill level 5 in Fighting
  2156 | D:3      | Reached skill level 6 in Axes
  2156 | D:3      | Reached XP level 6. HP: 25/56 MP: 5/5
  2368 | D:4      | Found a staircase to the Ecumenical Temple.
  2476 | D:4      | Reached skill level 5 in Armour
  2861 | D:5      | Entered Level 5 of the Dungeon
  2903 | D:5      | Reached XP level 7. HP: 35/61 MP: 6/6
  2932 | D:5      | Reached skill level 7 in Axes
  3111 | D:5      | Reached *** piety under Trog
  3286 | D:5      | Found an ornate altar of the Wu Jian Council.
  3348 | D:5      | Reached skill level 8 in Axes
  3514 | D:6      | Noticed Sigmund
  3524 | D:6      | Killed Sigmund
  3524 | D:6      | Reached XP level 8. HP: 71/71 MP: 7/7
  3574 | D:6      | Reached skill level 9 in Axes
  4022 | D:6      | Reached skill level 10 in Axes
  4457 | D:7      | Found Veptaara's Book Shop.
  4461 | D:7      | Reached **** piety under Trog
  4537 | D:7      | Noticed Joseph
  4539 | D:7      | Noticed a hippogriff
  4542 | D:7      | Killed Joseph
  4542 | D:7      | Reached XP level 9. HP: 79/79 MP: 8/8
  4558 | D:7      | Found a flagged portal.
  4579 | Bailey   | Entered a bailey
  4586 | Bailey   | Hit by a javelin of returning thrown by a centaur

Skill      XL: |  1  2  3  4  5  6  7  8 |
---------------+-------------------------+-----
Axes           | 4 5 6 8 10 | 10.9
Fighting       | 4 5 6 7 |  7.6
Armour         | 3 4 5 6 7 |  7.5
Dodging        | 3 4 |  4.4
Stealth        | |  0.6

Action                   |  1- 3 |  4- 6 |  7- 9 || total
-------------------------+-------+-------+-------++-------
Melee: Hand axe          |   101 |     7 |       ||   108
       Headbutt          |    21 |    11 |    33 ||    65
       War axe           |       |    87 |   108 ||   195
       Battleaxe         |       |       |    40 ||    40
Invok: Berserk           |     1 |       |     3 ||     4
  Use: Scroll            |    10 |       |     2 ||    12
       Potion            |     1 |     1 |     1 ||     3
  Eat: Chunk             |     2 |     5 |     8 ||    15
Armor: Animal skin       |     3 |       |       ||     3
       Ring mail         |    29 |    32 |    71 ||   132
Dodge: Dodged            |    63 |    45 |    94 ||   202
